AoeStats
← J40 | Berto

Arabian Desert

510278193Analyzed
1v1 RM · 2d ago on Sep 30, 2026· 24m 9s· 2 players
Game mode
Random Map
Map size
Tiny (2 player)
Population
200
Speed
Normal
Resources
Standard
Victory
Conquest
Starting age
Dark Age
Ending age
Imperial Age
RankedLock teamsTeams togetherTeam positionsShared explorationLock speedFull tech treeHidden civsTurbo modeCheats
Victory
Defeat
🇨🇱 Hindustanis · Chile
1602
+13
🇧🇷 Malians · Brazil
1534
-13
Peretto
7:09 Loom
9:14 Feudal Age
13:28 Double-Bit Axe
15:56 Wheelbarrow
20:01 Castle Age
18:49 Bloodlines
20:50 Scale Barding Armor
J40 | Berto
7:30 Loom
10:50 Feudal Age
13:02 Double-Bit Axe
13:22 Horse Collar
14:36 Fletching
14:49 Padded Archer Armor
22:41 Castle Age
20:59 Gold Mining
23:27 Bodkin Arrow
23:18 Crossbowman
Connection lost

Rejoining the realm…

Still unreachable

The connection could not be restored.

Session expired

The server has moved on; the page needs a fresh start.